 Dungeon Crawl Stone Soup version 0.29.1-14-g9c671dbff4 (webtiles) character file.

Game seed: 16487157618141065750

871 protoss039 the Digger (level 7, -3/52 (55) HPs)
             Began as a Demonspawn Earth Elementalist on Feb 16, 2023.
             Was an Initiate of Vehumet.
             Slain by a wight
             ... wielding a +3 scimitar
              (4 damage)
             ... on level 6 of the Dungeon.
             The game lasted 00:06:23 (4903 turns).

protoss039 the Digger (DsEE)                        Turns: 4903, Time: 00:06:23

HP:   -3/52 (55)    AC:  7    Str:  9    XL:     7   Next: 73%
MP:   3/4           EV: 12    Int: 25    God:    Vehumet [......]
Gold: 192           SH:  0    Dex: 13    Spells: 8/16 levels left

rFire   . . .      SeeInvis .   r - +8 hand axe "Orb Guardian's Curse" {antimagic, Int+5}
rCold   . . .      Faith    .   (no shield)
rNeg    . . .      Spirit   .   a - +0 robe
rPois   .          Reflect  .   i - +0 helmet
rElec   .          Harm     .   (no cloak)
rCorr   .          Rampage  .   (no gloves)
Will    .....                   (no boots)
Stlth   ++........              n - amulet of regeneration
HPRegen 0.97/turn               z - +4 ring of protection
MPRegen 0.09/turn               s - ring of wizardry

@: wereblooded, drained
A: claws 2, big brain 1
a: Renounce Religion


You were on level 6 of the Dungeon.
You worshipped Vehumet.
Vehumet was noncommittal.
You visited 2 branches of the dungeon, and saw 7 of its levels.

You collected 192 gold pieces.

Inventory:

Hand Weapons
 e - a +0 dagger
 r - the +8 hand axe "Orb Guardian's Curse" (weapon) {antimagic, Int+5}
   (You found it on level 2 of the Dungeon)

   It reduces the magical energy of the wielder, and disrupts the spells and
   magical abilities of those it strikes.
   Natural abilities and divine invocations are not affected.
   Int:       It affects your intelligence (+5).
Armour
 a - a +0 robe (worn)
 i - a +0 helmet (worn)
Jewellery
 c - a ring of fire
 n - an amulet of regeneration (around neck)
 o - a ring of see invisible
 s - a ring of wizardry (right claw)
 t - a ring of protection from cold
 y - a ring of positive energy
 z - a +4 ring of protection (left claw)
Scrolls
 d - a scroll of brand weapon {unknown}
 g - 2 scrolls of fear {unknown}
 h - 5 scrolls of identify {unknown}
 j - a scroll of immolation {unknown}
 p - 2 scrolls of fog {unknown}
 v - a scroll of blinking {unknown}
Potions
 b - 2 potions of magic
 f - a potion of haste {unknown}
 k - 2 potions of heal wounds {unknown}
 l - a potion of curing {unknown}
 m - a potion of resistance {unknown}
 q - a potion of mutation {unknown}
 u - a potion of degeneration {unknown}
 w - a potion of lignification {unknown}
 x - a potion of brilliance {unknown}
 A - a potion of berserk rage {unknown}
 B - a potion of cancellation {unknown}


   Skills:
 + Level 4.8 Fighting
 - Level 1.7 Dodging
 - Level 1.7 Stealth
 + Level 5.0 Spellcasting
 - Level 0.8 Transmutations
 + Level 5.3 Earth Magic


You had 8 spell levels left.
You knew the following spells:

 Your Spells              Type           Power      Damage    Failure   Level
a - Sandblast             Erth           66%        2d15      1%          1
b - Passwall              Tmut/Erth      17%        N/A       1%          2
c - Wereblood             Tmut           10%        N/A       3%          2
d - Stone Arrow           Conj/Erth      38%        3d9       3%          3

Your spell library contained the following spells:

 Spells                   Type           Power      Damage    Failure   Level
 Beastly Appendage        Tmut           20%        N/A       2%          1
 Spider Form              Tmut/Pois      8%         N/A       9%          3
 Petrify                  Tmut/Erth      21%        N/A       9%          4


Dungeon Overview and Level Annotations

Branches:
Dungeon (6/15) Zot: 26932  Temple (1/1) D:5 Zot: 5775

Altars:
Cheibriados
Dithmenos
Gozag
Hepliaklqana
Kikubaaqudgha
Nemelex Xobeh
Okawaru
Qazlal
Ru
Sif Muna
Trog
Vehumet
Wu Jian
Xom
Yredelemnul

Shops:
D:1 [   D:2 :


Innate Abilities, Weirdness & Mutations

You have very sharp fingernails.
You have an unusually large brain. (Int +2)


Message History

The wight barely misses you. x2
Unknown command.
Unknown command.
You barely miss the wight.
The wight is almost destroyed.
You hit the wight but do no damage. You closely miss the wight.
You hit the wight but do no damage. The wight hits you with a +3 scimitar!
The wight closely misses you.
The wight hits you with a +4 morningstar.
The wight barely misses you.
Unknown command.
You hit the wight but do no damage.
The wight is lightly damaged.
You closely miss the wight. x2; You hit the wight.
You feel a bit better.
You destroy the wight!
Vehumet accepts your kill.
The wight misses you. x2; The wight hits you with a +0 hand axe.
You feel drained.
Your life force feels restored.
Your Spellcasting skill increases to level 5!
Unknown command.
Press: ? - help, v - describe, . - travel
Here: a wight, wielding a +4 morningstar and wearing a +0 robe (lightly damaged)
The floor.
Press: ? - help, v - describe, . - travel
Here: a wight, wielding a +0 hand axe and wearing a +0 robe (lightly damaged)
The floor.
The wight attacks as you move away! The wight closely misses you.
The wight attacks as you move away! The wight hits you with a +3 scimitar!
* * * LOW HITPOINT WARNING * * *
You feel drained.
* * * LOW HITPOINT WARNING * * *
Unknown command.
The wight attacks as you move away! The wight hits you but does no damage.
Unknown command.
Unknown command.
The wight attacks as you move away! The wight hits you with a +3 scimitar!
* * * LOW HITPOINT WARNING * * *
You feel drained.
You die...

##§.......#
§§§..##..#
#....##..#
#....##..#
#....##..#
.#####....##..#
.......).z##..######
.......z.z@........#
#....#.#..##..####.#
... #.#..##..# #
#.#..##..#
.........#
#.#..###.#
#.#..#.#.####
#.#..#......# #
#.#..#.#.##.#


You could see 3 wights.

Vanquished Creatures
  A water moccasin (D:6)
  An ogre (D:4)
  A phantom (D:5)
  A necrophage (D:4)
  A scorpion (D:5)
  A wight (D:6)
  2 orc priests (D:3)
  A gnoll bouda (D:5)
  2 hounds (D:4)
  3 orc wizards
  An iguana (D:4)
  3 gnolls
  6 adders
  A worm (D:3)
  4 dart slugs
  12 orcs
  11 bats
  7 endoplasms
  A giant cockroach (D:4)
  12 goblins
  A hobgoblin (D:3)
  11 jackals
  4 quokkas
  4 ball pythons
  3 frilled lizards
  4 kobolds
  4 rats
103 creatures vanquished.

Notes
Turn   | Place    | Note
-------+----------+-------------------------------------------
     0 | D:1      | protoss039 the Demonspawn Earth Elementalist began the
                  | quest for the Orb.
     0 | D:1      | Reached XP level 1. HP: 13/13 MP: 3/3
   174 | D:1      | Found Muahir's Antique Armour Shop.
   347 | D:1      | Gained mutation: You have an unusually large brain. (Int
                  | +2) [demonic ancestry]
   347 | D:1      | Reached XP level 2. HP: 20/20 MP: 3/5
   395 | D:1      | Reached skill level 1 in Fighting
   666 | D:1      | Found a faded altar of an unknown god.
   973 | D:1      | Reached XP level 3. HP: 20/26 MP: 0/6
  1417 | D:1      | Learned a level 2 spell: Passwall
  1544 | D:2      | Found an ancient bone altar of Kikubaaqudgha.
  1680 | D:2      | Found Dest's Book Emporium.
  1956 | D:2      | Identified the +8 hand axe "Orb Guardian's Curse"
                  | {antimagic, Int+5}
  2268 | D:2      | Learned a level 2 spell: Wereblood
  2453 | D:3      | Gained mutation: You have sharp fingernails. [demonic
                  | ancestry]
  2453 | D:3      | Reached XP level 4. HP: 33/33 MP: 0/8
  2736 | D:3      | Gained mutation: You have very sharp fingernails. [demonic
                  | ancestry]
  2736 | D:3      | Reached XP level 5. HP: 13/39 MP: 0/9
  3200 | D:3      | Learned a level 3 spell: Stone Arrow
  3385 | D:4      | Reached XP level 6. HP: 15/45 MP: 1/11
  3822 | D:4      | Found a sacrificial altar of Ru.
  3999 | D:4      | Found a sparkling altar of Nemelex Xobeh.
  4223 | D:5      | Entered Level 5 of the Dungeon
  4287 | D:5      | Reached XP level 7. HP: 54/54 MP: 3/13
  4340 | D:5      | Reached skill level 5 in Earth Magic
  4453 | D:5      | Found a staircase to the Ecumenical Temple.
  4512 | Temple   | Entered the Ecumenical Temple
  4718 | Temple   | Became a worshipper of Vehumet
  4900 | D:6      | Reached skill level 5 in Spellcasting
  4903 | D:6      | HP: 1/54 [wight/+3 scimitar (12)]
  4903 | D:6      | Slain by a wight

Illustrated notes

Levels and vault maps discovered:
D:1:      saegor_arrival_fortress, layout_basic, serial_rivers,
          chequers_serial_rivers_small_b, chequers_serial_rivers_micro_b,
          chequers_serial_rivers_large_a, chequers_serial_rivers_micro_d,
          hellmonk_ecumenical_altar_dog_temple, serial_shops,
          nicolae_diamond_shop
D:2:      layout_basic, basic_altar, serial_shops, nicolae_lakefront_shop,
          amcnicky_mini_corridor_feature
D:3:      layout_loops_corners
D:4:      layout_layer_cave, kennysheep_mini, nemelex_dance_club_becter
D:5:      layout_rooms, minmay_temple_entry_junction_2
D:6:      layout_basic, lemuel_round_altar, serial_shops, kennysheep_mini_moat,
          shop
Temple:   nicolae_temple_bog_church

Skill      XL: |  1  2  3  4  5  6  7 |
---------------+----------------------+-----
Fighting       | 1 2 3 4 |  4.8
Earth Magic    | 3 4 5 |  5.3
Spellcasting   | 3 4 5 |  5.0
Dodging        | |  1.7
Stealth        | |  1.7
Transmutations | |  0.8

Action                   |  1- 3 |  4- 6 |  7- 9 || total
-------------------------+-------+-------+-------++-------
Melee: Dagger            |    16 |       |       ||    16
       Hand axe          |    15 |   112 |    38 ||   165
       Punch             |       |     1 |       ||     1
 Cast: Sandblast         |    56 |    10 |     5 ||    71
       Wereblood         |     1 |    12 |     3 ||    16
 Stab: Sleeping          |     1 |     3 |       ||     4
Armor: Robe              |    18 |    26 |    11 ||    55
Dodge: Dodged            |    53 |    78 |    46 ||   177
